[ AOE2 MATCH · #504580422 ]
UnrankedKhmer vs Aztecs
Player's team · LOSS
Rival team · WIN
[ REPLAY ANALYSIS · EXTRACTED FROM THE RECORDED GAME ]
Feudal
13:12
Castle
16:33
Imperial
—
| APM avg | 27.4 |
| APM peak | 55 |
| eAPM avg | 18.0 |
| Villagers / military | 105 / 25 |
Focus
⚔️ 22.1% · 🌾 77.9%
Battle Elephant ×19 · Scorpion ×6
Feudal
12:04
Castle
21:54
Imperial
—
| APM avg | 53.0 |
| APM peak | 97 |
| eAPM avg | 23.4 |
| Villagers / military | 77 / 119 |
Focus
⚔️ 37.8% · 🌾 62.2%
Eagle Scout ×104 · Archer ×8 · Militia ×7
Match map
Initial resources + every placement click. Lines = walls · curves = elevation contours. ◆ gold · ⬟ stone · ● berries · ✦ relic · ◌ wall gap
Your base· Open — 5t gap
AKEngineer's base· Open — unwalled flank
Smoothed initial terrain · ◌ = detected wall gap · hover for details
Inputs per minute
— jj1471 - - AKEngineer
Build order — jj1471
First 150 of 246 actions detected
| 0:01 | Queue | Villager (Male) |
| 0:01 | Queue | Villager (Male) |
| 0:02 | Queue | Villager (Male) |
| 0:03 | Build | House |
| 0:05 | Build | House |
| 0:22 | Queue | Villager (Male) |
| 1:28 | Queue | Villager (Male) |
| 1:48 | Build | Lumber Camp |
| 2:15 | Queue | Villager (Male) |
| 2:32 | Queue | Villager (Male) |
| 2:55 | Queue | Villager (Male) |
| 3:10 | Queue | Villager (Male) |
| 3:57 | Queue | Villager (Male) |
| 4:12 | Research | Loom |
| 4:39 | Queue | Villager (Male) |
| 5:00 | Build | Mill |
| 5:03 | Queue | Villager (Male) |
| 5:24 | Queue | Villager (Male) |
| 5:45 | Queue | Villager (Male) |
| 5:57 | Build | House |
| 6:09 | Queue | Villager (Male) |
| 6:38 | Queue | Villager (Male) |
| 6:42 | Build | Farm |
| 7:09 | Queue | Villager (Male) |
| 7:13 | Build | House |
| 7:14 | Build | House |
| 7:23 | Queue | Villager (Male) |
| 7:39 | Build | Farm |
| 8:00 | Queue | Villager (Male) |
| 8:03 | Build | Farm |
| 8:06 | Build | Farm |
| 8:15 | Queue | Villager (Male) |
| 8:28 | Build | Farm |
| 8:37 | Build | Farm |
| 8:39 | Queue | Villager (Male) |
| 8:40 | Queue | Villager (Male) |
| 9:01 | Build | Farm |
| 9:18 | Build | Farm |
| 9:30 | Queue | Villager (Male) |
| 9:46 | Build | Mining Camp |
| 9:53 | Queue | Villager (Male) |
| 10:13 | Build | Farm |
| 10:17 | Build | Farm |
| 10:23 | Queue | Villager (Male) |
| 10:45 | Build | Farm |
| 11:01 | Research | Feudal Age |
| 11:10 | Build | Palisade Wall |
| 11:19 | Build | House |
| 11:22 | Build | Palisade Wall |
| 12:14 | Build | Barracks |
| 12:16 | Build | Palisade Wall |
| 12:24 | Build | Farm |
| 12:35 | Build | Palisade Wall |
| 12:56 | Build | House |
| 12:58 | Build | Palisade Wall |
| 13:00 | Build | Palisade Wall |
| 13:05 | Build | House |
| 13:12 | Age | Feudal Age |
| 13:15 | Build | Palisade Wall |
| 13:18 | Build | Palisade Wall |
| 13:30 | Build | Palisade Wall |
| 13:53 | Research | Castle Age |
| 14:15 | Build | House |
| 14:30 | Build | House |
| 14:53 | Build | Palisade Wall |
| 14:59 | Research | Double-Bit Axe |
| 15:17 | Queue | Villager (Male) |
| 15:58 | Build | Palisade Wall |
| 16:17 | Build | Palisade Wall |
| 16:20 | Build | Palisade Wall |
| 16:21 | Build | Palisade Wall |
| 16:33 | Age | Castle Age |
| 16:37 | Build | Siege Workshop |
| 16:43 | Queue | Villager (Male) |
| 17:01 | Build | Palisade Gate |
| 17:05 | Build | House |
| 17:09 | Queue | Scorpion |
| 17:18 | Build | Palisade Wall |
| 17:26 | Build | Palisade Gate |
| 17:29 | Queue | Villager (Male) |
| 18:09 | Queue | Villager (Male) |
| 18:16 | Queue | Scorpion |
| 18:17 | Queue | Villager (Male) |
| 18:25 | Queue | Villager (Male) |
| 18:49 | Queue | Villager (Male) |
| 19:30 | Queue | Villager (Male) |
| 19:54 | Queue | Villager (Male) |
| 20:09 | Build | Town Center |
| 20:19 | Research | Bow Saw |
| 20:26 | Queue | Villager (Male) |
| 20:44 | Queue | Villager (Male) |
| 21:00 | Queue | Villager (Male) |
| 21:12 | Build | Town Center |
| 21:31 | Queue | Villager (Male) |
| 21:40 | Build | Farm |
| 21:44 | Build | Farm |
| 21:54 | Build | Farm |
| 21:55 | Queue | Villager (Male) |
| 22:10 | Queue | Villager (Male) |
| 22:10 | Queue | Villager (Male) |
| 22:12 | Build | Farm |
| 22:15 | Build | Farm |
| 22:17 | Research | Town Watch |
| 22:19 | Queue | Villager (Male) |
| 22:19 | Queue | Villager (Male) |
| 22:23 | Queue | Villager (Male) |
| 22:27 | Queue | Villager (Male) |
| 22:29 | Queue | Villager (Male) |
| 22:32 | Build | Farm |
| 22:32 | Build | Farm |
| 22:33 | Build | Farm |
| 22:33 | Build | Farm |
| 22:33 | Build | Farm |
| 22:33 | Build | Farm |
| 22:38 | Queue | Villager (Male) |
| 22:47 | Build | Farm |
| 22:50 | Build | Farm |
| 22:51 | Queue | Villager (Male) |
| 22:53 | Build | Farm |
| 22:56 | Build | Farm |
| 23:12 | Queue | Villager (Male) |
| 23:14 | Build | House |
| 23:22 | Queue | Scorpion |
| 23:24 | Queue | Villager (Male) |
| 23:41 | Build | Market |
| 23:44 | Queue | Villager (Male) |
| 23:49 | Queue | Scorpion |
| 23:51 | Queue | Villager (Male) |
| 23:55 | Queue | Villager (Male) |
| 23:55 | Queue | Villager (Male) |
| 23:59 | Build | Farm |
| 24:03 | Build | Farm |
| 24:05 | Queue | Villager (Male) |
| 24:09 | Build | Farm |
| 24:09 | Build | Farm |
| 24:10 | Build | Farm |
| 24:10 | Build | Farm |
| 24:10 | Build | Farm |
| 24:15 | Queue | Villager (Male) |
| 24:31 | Queue | Scorpion |
| 24:32 | Queue | Villager (Male) |
| 24:34 | Build | House |
| 24:38 | Queue | Villager (Male) |
| 24:43 | Build | Farm |
| 24:44 | Queue | Villager (Male) |
| 24:48 | Build | Farm |
| 24:49 | Queue | Villager (Male) |
| 24:53 | Build | Farm |
| 25:02 | Queue | Scorpion |
| 25:04 | Queue | Villager (Male) |
Build order — AKEngineer
First 150 of 265 actions detected
| 0:00 | Research | Loom |
| 0:01 | Queue | Villager (Male) |
| 0:02 | Build | House |
| 0:04 | Build | House |
| 0:20 | Queue | Villager (Male) |
| 0:24 | Queue | Villager (Male) |
| 0:26 | Queue | Villager (Male) |
| 1:51 | Queue | Villager (Male) |
| 1:51 | Queue | Villager (Male) |
| 2:27 | Queue | Villager (Male) |
| 2:27 | Queue | Villager (Male) |
| 2:46 | Build | Palisade Wall |
| 2:53 | Build | Palisade Wall |
| 2:58 | Build | Palisade Wall |
| 2:59 | Build | Palisade Wall |
| 3:07 | Queue | Villager (Male) |
| 3:07 | Queue | Villager (Male) |
| 3:38 | Build | Lumber Camp |
| 3:59 | Queue | Villager (Male) |
| 4:00 | Queue | Villager (Male) |
| 4:31 | Queue | Villager (Male) |
| 4:52 | Build | House |
| 5:01 | Queue | Villager (Male) |
| 5:39 | Build | Palisade Wall |
| 5:47 | Queue | Villager (Male) |
| 6:34 | Queue | Villager (Male) |
| 6:58 | Queue | Villager (Male) |
| 6:59 | Queue | Villager (Male) |
| 7:05 | Build | Mill |
| 7:07 | Queue | Villager (Male) |
| 7:43 | Queue | Villager (Male) |
| 8:33 | Queue | Villager (Male) |
| 8:39 | Build | Barracks |
| 8:51 | Queue | Villager (Male) |
| 9:25 | Build | Mining Camp |
| 9:26 | Queue | Villager (Male) |
| 9:47 | Research | Feudal Age |
| 10:06 | Queue | Militia |
| 10:06 | Queue | Militia |
| 10:18 | Queue | Militia |
| 10:18 | Queue | Militia |
| 10:22 | Build | House |
| 10:43 | Build | Mill |
| 10:57 | Queue | Militia |
| 11:44 | Queue | Villager (Male) |
| 11:56 | Build | House |
| 12:04 | Age | Feudal Age |
| 12:09 | Build | Archery Range |
| 12:16 | Research | Man-at-Arms (upgrade) |
| 12:22 | Build | Farm |
| 12:25 | Build | Farm |
| 12:46 | Build | Farm |
| 13:07 | Build | Farm |
| 13:10 | Queue | Archer |
| 13:10 | Queue | Archer |
| 13:11 | Queue | Archer |
| 13:13 | Queue | Villager (Male) |
| 13:39 | Queue | Villager (Male) |
| 13:40 | Queue | Villager (Male) |
| 13:42 | Queue | Archer |
| 13:42 | Queue | Archer |
| 13:54 | Build | Farm |
| 14:04 | Queue | Villager (Male) |
| 14:12 | Build | House |
| 14:18 | Queue | Villager (Male) |
| 14:19 | Queue | Villager (Male) |
| 14:30 | Queue | Archer |
| 14:38 | Queue | Villager (Male) |
| 14:38 | Queue | Villager (Male) |
| 14:50 | Build | Farm |
| 14:51 | Queue | Villager (Male) |
| 14:56 | Build | Palisade Wall |
| 15:05 | Queue | Villager (Male) |
| 15:15 | Queue | Archer |
| 15:21 | Build | House |
| 15:22 | Build | House |
| 15:23 | Build | House |
| 15:25 | Queue | Villager (Male) |
| 15:40 | Queue | Villager (Male) |
| 15:41 | Queue | Villager (Male) |
| 15:43 | Build | House |
| 15:43 | Build | House |
| 15:47 | Queue | Villager (Male) |
| 15:57 | Queue | Villager (Male) |
| 15:58 | Queue | Villager (Male) |
| 15:59 | Queue | Villager (Male) |
| 16:21 | Queue | Villager (Male) |
| 17:06 | Build | Market |
| 17:10 | Build | Blacksmith |
| 17:41 | Queue | Villager (Male) |
| 17:45 | Queue | Archer |
| 18:20 | Build | Barracks |
| 18:26 | Build | Lumber Camp |
| 18:50 | Build | Farm |
| 19:14 | Research | Castle Age |
| 19:14 | Research | Castle Age |
| 19:21 | Queue | Eagle Scout |
| 19:37 | Build | Farm |
| 19:39 | Build | Farm |
| 19:52 | Queue | Eagle Scout |
| 19:58 | Build | House |
| 19:58 | Queue | Villager (Male) |
| 20:12 | Research | Gold Mining |
| 20:15 | Queue | Eagle Scout |
| 20:16 | Queue | Eagle Scout |
| 20:19 | Queue | Eagle Scout |
| 20:19 | Queue | Eagle Scout |
| 20:30 | Build | Farm |
| 20:46 | Queue | Villager (Male) |
| 20:47 | Queue | Eagle Scout |
| 20:47 | Queue | Eagle Scout |
| 20:50 | Build | House |
| 21:01 | Queue | Eagle Scout |
| 21:02 | Queue | Eagle Scout |
| 21:03 | Queue | Villager (Male) |
| 21:08 | Queue | Villager (Male) |
| 21:14 | Build | Farm |
| 21:16 | Queue | Eagle Scout |
| 21:16 | Queue | Eagle Scout |
| 21:16 | Queue | Eagle Scout |
| 21:30 | Queue | Villager (Male) |
| 21:30 | Queue | Eagle Scout |
| 21:31 | Queue | Eagle Scout |
| 21:35 | Queue | Eagle Scout |
| 21:35 | Queue | Eagle Scout |
| 21:54 | Age | Castle Age |
| 21:57 | Queue | Eagle Scout |
| 21:57 | Queue | Eagle Scout |
| 21:58 | Queue | Eagle Scout |
| 22:01 | Queue | Villager (Male) |
| 22:06 | Queue | Eagle Scout |
| 22:16 | Queue | Villager (Male) |
| 22:18 | Research | Gold Shaft Mining |
| 22:33 | Research | Scale Mail Armor |
| 22:37 | Queue | Villager (Male) |
| 22:39 | Build | Farm |
| 22:40 | Build | Farm |
| 22:40 | Build | Farm |
| 22:45 | Queue | Eagle Scout |
| 22:46 | Queue | Eagle Scout |
| 22:46 | Queue | Eagle Scout |
| 22:46 | Queue | Eagle Scout |
| 22:46 | Queue | Eagle Scout |
| 22:55 | Queue | Villager (Male) |
| 23:01 | Build | Barracks |
| 23:20 | Queue | Villager (Male) |
| 23:20 | Queue | Villager (Male) |
| 23:23 | Queue | Eagle Scout |
| 23:23 | Queue | Eagle Scout |
| 23:36 | Queue | Eagle Scout |
Match timeline
| 2:46 | AKEngineer · wall_segment Palisade Wall x1 |
| 2:53 | AKEngineer · wall_segment Palisade Wall x1 |
| 2:58 | AKEngineer · wall_segment Palisade Wall x1 |
| 2:59 | AKEngineer · wall_segment Palisade Wall x1 |
| 5:39 | AKEngineer · wall_segment Palisade Wall x1 |
| 8:39 | AKEngineer · first_building Barracks |
| 11:10 | jj1471 · wall_segment Palisade Wall x10 |
| 11:22 | jj1471 · wall_segment Palisade Wall x10 |
| 12:04 | AKEngineer · age_up feudal |
| 12:09 | AKEngineer · first_building Archery Range |
| 12:14 | jj1471 · first_building Barracks |
| 12:16 | jj1471 · wall_segment Palisade Wall x1 |
| 12:35 | jj1471 · wall_segment Palisade Wall x12 |
| 12:58 | jj1471 · wall_segment Palisade Wall x1 |
| 13:00 | jj1471 · wall_segment Palisade Wall x1 |
| 13:12 | jj1471 · age_up feudal |
| 13:15 | jj1471 · wall_segment Palisade Wall x1 |
| 13:18 | jj1471 · wall_segment Palisade Wall x1 |
| 13:30 | jj1471 · wall_segment Palisade Wall x5 |
| 14:53 | jj1471 · wall_segment Palisade Wall x4 |
| 14:56 | AKEngineer · wall_segment Palisade Wall x5 |
| 15:58 | jj1471 · wall_segment Palisade Wall x1 |
| 16:17 | jj1471 · wall_segment Palisade Wall x1 |
| 16:20 | jj1471 · wall_segment Palisade Wall x1 |
| 16:21 | jj1471 · wall_segment Palisade Wall x1 |
| 16:33 | jj1471 · age_up castle |
| 16:37 | jj1471 · first_building Siege Workshop |
| 17:18 | jj1471 · wall_segment Palisade Wall x1 |
| 18:29 | AKEngineer · first_market_buy 100 food |
| 18:29 | AKEngineer · first_market_sell 100 stone |
| 21:54 | AKEngineer · age_up castle |
| 24:30 | jj1471 · first_market_sell 100 wood |
| 26:24 | jj1471 · wall_segment Palisade Wall x1 |
| 27:14 | jj1471 · first_building Stable |
| 31:43 | jj1471 · resign |
[ AI ANALYSIS · 1 CREDIT ]
What really happened in this match?
Wolo.gg analyzes every decision: build order, eco, micro, common mistakes by bracket. Personalized analysis on WhatsApp or Discord in 30 seconds.
Civ guide
Khmer
Perfil
Jugador #233339